 Dungeon Crawl Stone Soup version 0.29.0-4-gdea44cf6ec (webtiles) character file.

Game seed: 16851444587170433729

81 qw the Chopper (level 4, -7/26 HPs)
             Began as a Tengu Warper on Aug 28, 2022.
             Mangled by a gnoll bouda
             ... wielding a +0 whip
              (9 damage)
             ... on level 3 of the Dungeon.
             The game lasted 00:00:14 (2715 turns).

qw the Chopper (Tengu Warper)                       Turns: 2715, Time: 00:00:14

Health: -7/26      AC:  5    Str: 13    XL:     4   Next: 40%
Magic:  8/8        EV: 11    Int: 13    God:
Gold:   201        SH:  0    Dex: 14    Spells: 7/7 levels left

rFire   . . .      SeeInvis .   Y - +0 hand axe
rCold   . . .      Faith    .   (no shield)
rNeg    . . .      Spirit   .   h - +0 ring mail
rPois   .          Reflect  .   (helmet restricted)
rElec   .          Harm     .   (no cloak)
rCorr   .          Rampage  .   (no gloves)
Will    .....                   (boots unavailable)
Stlth   +.........              (no amulet)
HPRegen 0.08/turn               (no ring)
MPRegen 0.11/turn               (no ring)

@: weakened
A: beak, talons 3
a: no special abilities


You were on level 3 of the Dungeon.
You visited 1 branch of the dungeon, and saw 3 of its levels.

You collected 201 gold pieces.


Innate Abilities, Weirdness & Mutations

You have a beak for a mouth.
You have claws for feet.


   Skills:
 - Level 2.0 Fighting
 + Level 5.0 Axes
 - Level 1.0 Throwing
 - Level 1.1 Armour
 - Level 2.1 Dodging
 - Level 2.0 Spellcasting
 - Level 2.4 Translocations


You had 7 spell levels left.
You didn't know any spells.
Your spell library contained the following spells:

 Spells                   Type           Power      Damage    Failure   Level
 Blink                    Tloc           14%        N/A       30%         2
 Gell's Gravitas          Tloc           7%         N/A       52%         3
 Lesser Beckoning         Tloc           7%         N/A       52%         3
 Teleport Other           Tloc           7%         N/A       52%         3
 Manifold Assault         Tloc           7%         N/A       99%         5

Inventory:

Hand Weapons
 f - a +0 mace
 Y - a +0 hand axe (weapon)
Armour
 d - a +0 scale mail
 h - a +0 ring mail (worn)
Jewellery
 m - a ring of fire
Scrolls
 a - 4 scrolls of identify
 b - a scroll of amnesia {unknown}
Potions
 c - a potion of brilliance {unknown}
 e - a potion of resistance {unknown}
 g - 2 potions of curing
 i - a potion of degeneration {unknown}
 k - a potion of ambrosia {unknown}

Dungeon Overview and Level Annotations

Branches:
Dungeon (3/15)

Altars:

Shops:
D:1 [


Message History

A gnoll is nearby!
Found a viscous blue potion.
The gnoll barely misses you.
You hit the gnoll. You claw the gnoll. Your peck misses the gnoll.
The gnoll is severely wounded.
The gnoll misses you.
You hit the gnoll. Your peck misses the gnoll.
The gnoll is almost dead.
A gnoll comes into view. It is wielding a +0 whip.
The gnoll barely misses you.
You closely miss the gnoll.
The gnoll is almost dead.
The gnoll shouts!
The gnoll hits you with a +0 spear.
The gnoll bouda gazes fiercely through you!
You feel your attacks grow feeble. The gnoll barely misses you.
You hit the gnoll. Your kick misses the gnoll.
You peck the gnoll, but do no damage.
The gnoll is almost dead.
You hit the gnoll bouda but do no damage.
The gnoll hits you with a +0 spear.
The gnoll bouda calls upon its god to heal the gnoll.
The gnoll is healed somewhat.
The gnoll hits you from afar with a +0 spear.
The gnoll hits you from afar with a +0 halberd!
The gnoll closely misses you.
You hit the gnoll but do no damage. You claw the gnoll, but do no damage.
The gnoll is heavily wounded.
You hit the gnoll bouda but do no damage.
The gnoll bouda misses you.
The gnoll hits you from afar with a +0 spear.
The gnoll barely misses you. x2
You hit the gnoll but do no damage.
The gnoll is heavily wounded.
You closely miss the gnoll bouda.
The gnoll bouda gazes fiercely through you!
You feel as though you will be weak longer.
The gnoll bouda hits you with a +0 whip!
You die...

.8###.....######
.##...>......... ..
.#######.##..#######.#
.## ##.###.###.###.#
.8# #..............
.## #..##.###.###.##
.# ##.#...........# ##
#...##.###.##. #
#.#.#..!..@g# #
#..#...##.##gg.# #
#####.#.#.#...#g#.#
###...#...#...7...# ..
##[.###.#.#.#. .#.# .#
...###.. ...## ##...
.! #.## ## #.#. .#g# #
### ... ##gg. .# #.


You could see a gnoll bouda and 3 gnolls.

Vanquished Creatures
  3 adders
  A dart slug (D:1)
  5 ball pythons
  4 bats
  4 endoplasms
  A giant cockroach (D:1)
  5 goblins
  6 hobgoblins
  3 jackals (D:3)
  2 frilled lizards
  8 kobolds
  5 rats
47 creatures vanquished.

Notes
Turn   | Place    | Note
-------+----------+-------------------------------------------
     0 | D:1      | qw the Tengu Warper began the quest for the Orb.
     0 | D:1      | Reached XP level 1. HP: 12/12 MP: 4/4
     0 | D:1      | 0 ||| qw: Version: 0.1-a-89-g26bdef1
     0 | D:1      | 0 ||| qw: Game counter: 490
     0 | D:1      | 0 ||| qw: Always use a shield: true
     0 | D:1      | 0 ||| qw: God list: Okawaru
     0 | D:1      | 0 ||| qw: Allow faded altars: false
     0 | D:1      | 0 ||| qw: Do Orc after D:15 true
     0 | D:1      | 0 ||| qw: Do second Lair branch before Depths: true
     0 | D:1      | 0 ||| qw: Lair rune preference: random
     0 | D:1      | 0 ||| qw: Plans: Normal
     0 | D:1      | 0 ||| PLANNING D:1-11
    64 | D:1      | 64 ||| Stepping ~*~*~tactically~*~*~ (stealth).
    66 | D:1      | 66 ||| Stepping ~*~*~tactically~*~*~ (stealth).
    73 | D:1      | 73 ||| Stepping ~*~*~tactically~*~*~ (stealth).
   211 | D:1      | Reached skill level 3 in Axes
   211 | D:1      | Reached XP level 2. HP: 17/17 MP: 6/6
   214 | D:1      | 214 ||| Stepping ~*~*~tactically~*~*~ (stealth).
   215 | D:1      | 215 ||| Stepping ~*~*~tactically~*~*~ (stealth).
   217 | D:1      | 217 ||| Stepping ~*~*~tactically~*~*~ (stealth).
   363 | D:1      | Found Kexoklin's Antique Armour Emporium.
   367 | D:1      | 367 ||| SHOPLISTING cloak (121 gold, have 22).
   367 | D:1      | 367 ||| SHOPLISTING dazzling chain mail (256 gold, have
                  | 22).
   367 | D:1      | 367 ||| SHOPLISTING ring mail (108 gold, have 22).
   367 | D:1      | 367 ||| SHOPLISTING runed ring mail (189 gold, have 22).
   367 | D:1      | 367 ||| SHOPLISTING runed robe (99 gold, have 22).
   367 | D:1      | 367 ||| SHOPLISTING shiny scale mail (189 gold, have 22).
   389 | D:1      | Found a faded altar of an unknown god.
   573 | D:1      | 573 ||| Stepping ~*~*~tactically~*~*~ (stealth).
   575 | D:1      | 575 ||| Stepping ~*~*~tactically~*~*~ (stealth).
   581 | D:1      | 581 ||| Stepping ~*~*~tactically~*~*~ (stealth).
   589 | D:1      | 589 ||| Stepping ~*~*~tactically~*~*~ (stealth).
   591 | D:1      | 591 ||| Stepping ~*~*~tactically~*~*~ (stealth).
   614 | D:1      | Reached XP level 3. HP: 7/21 MP: 7/7
  1044 | D:1      | 1044 ||| DROPPING ring of magical power.
  1045 | D:1      | 1045 ||| READING 2 scrolls labelled FAISAT HOVI.
  1046 | D:1      | 1046 ||| READING scroll labelled OCINON OPIEX IPLO.
  1049 | D:1      | 1049 ||| READING scroll labelled ETWOKU NAUSHRAI.
  1050 | D:1      | 1050 ||| READING scroll labelled XOET IXUADUTZ.
  1051 | D:1      | 1051 ||| DRINKING 3 black potions.
  1052 | D:1      | 1052 ||| DROPPING scroll of blinking.
  1091 | D:2      | 1091 ||| STAIRDANCE
  1140 | D:2      | Reached skill level 4 in Axes
  1145 | D:2      | 1145 ||| FLEEEEING.
  1146 | D:2      | 1146 ||| FLEEEEING.
  1147 | D:2      | 1147 ||| FLEEEEING.
  1148 | D:2      | 1148 ||| FLEEEEING.
  1154 | D:2      | 1154 ||| STAIRDANCE
  1563 | D:2      | 1563 ||| Stepping ~*~*~tactically~*~*~ (stealth).
  1734 | D:2      | 1734 ||| DROPPING +0 club.
  2062 | D:2      | 2062 ||| UPGRADING to +0 ring mail.
  2072 | D:2      | 2072 ||| DROPPING +0 leather armour.
  2073 | D:2      | 2073 ||| READING scroll labelled CESMUIWURCH.
  2074 | D:2      | 2074 ||| READING scroll labelled TEADOI OMANOMN.
  2222 | D:3      | 2222 ||| STAIRDANCE
  2229 | D:2      | Reached XP level 4. HP: 24/26 MP: 8/8
  2515 | D:3      | Reached skill level 5 in Axes
  2707 | D:3      | 2707 ||| Stepping ~*~*~tactically~*~*~ (hiding).
  2713 | D:3      | HP: 6/26 [gnoll/+0 halberd[a gnoll bouda] (12)]
  2714 | D:3      | HP: 1/26 [gnoll/+0 spear[a gnoll bouda] (5)]
  2715 | D:3      | Mangled by a gnoll bouda

Levels and vault maps discovered:
D:1:      amcnicky_arrival_feature_with_door, layout_basic,
          basic_ecumenical_altar, serial_shops, shop
D:2:      layout_basic, minmay_tromino_v2
D:3:      layout_rooms, serial_corexii_hall, corexii_hall_statues_t,
          corexii_hall_statues_i, dk_noncrumbling_3,
          nicolae_concentric_dashed_squares_wild

Skill      XL: |  1  2  3  4 |
---------------+-------------+-----
Axes           | 3 4 5 |  5.0
Fighting       | |  2.0
Throwing       | |  1.0
Armour         | |  1.1
Dodging        | |  2.1
Spellcasting   | |  2.0
Translocations | |  2.4

Action                   |  1- 3 |  4- 6 || total
-------------------------+-------+-------++-------
Melee: Hand axe          |    89 |    31 ||   120
       Peck              |    12 |     3 ||    15
       Kick              |    22 |     7 ||    29
Throw: Boomerang         |     7 |       ||     7
  Use: Scroll            |     6 |       ||     6
       Potion            |     1 |       ||     1
Armor: Leather armour    |    13 |       ||    13
       Ring mail         |     1 |     6 ||     7
Dodge: Dodged            |    48 |    25 ||    73

Table legend:
 A = Non-vault XP
 B = Vault XP
 C = Vault XP percentage of total XP
 D = Non-vault monster count
 E = Vault monster count
 F = Vault count percentage of total count
                 A         B        C        D         E       F
            +---------+---------+-------+---------+---------+-------
      Total |     116 |       0 |   0.0 |      47 |       0 |   0.0
            +---------+---------+-------+---------+---------+-------
        D:1 |      39 |       0 |   0.0 |      22 |       0 |   0.0
        D:2 |      53 |       0 |   0.0 |      18 |       0 |   0.0
        D:3 |      24 |       0 |   0.0 |       7 |       0 |   0.0
            +---------+---------+-------+---------+---------+-------
